 Dungeon Crawl Stone Soup version 0.20.0-8-g6b59dc7 (webtiles) character file.

8745 Jannitor the Thaumaturge (level 11, -14/86 HPs)
             Began as a Demonspawn Necromancer on June 2, 2017.
             Was an Initiate of Gozag.
             Shot with an arrow by a centaur warrior (17 damage)
             ... on level 10 of the Dungeon.
             The game lasted 00:31:21 (13782 turns).

Jannitor the Thaumaturge (Demonspawn Necromancer)  Turns: 13782, Time: 00:31:25

Health: -14/86     AC:  4    Str: 12 (15) XL:     11   Next: 13%
Magic:  24/25      EV: 12    Int: 18 (22) God:    Gozag
Gold:   1787       SH:  8    Dex: 11 (13) Spells: 15/31 levels left

rFire    + . .     SeeInvis .   j - staff of death
rCold    + . .     Gourm    .   (no shield)
rNeg     + . .     Faith    .   L - +2 robe {MR+}
rPois    .         Spirit   .   (no helmet)
rElec    .         Reflect  .   (no cloak)
rCorr    .         Harm     .   (no gloves)
MR       +....     Clarity  +   (boots unavailable)
Stlth    +.........             J - amulet of inaccuracy
Regen    0.3/turn               q - +3 ring of intelligence
MPRegen  0.2/turn               M - ring of protection from cold

@: mighty, about to teleport, barbed spikes
A: hooves 3, large bone plates 3, clarity, demonic guardian 1, deterioration 1,
fire resistance 1
a: Potion Petition, Call Merchant, Bribe Branch, Renounce Religion


You were on level 10 of the Dungeon.
You worshipped Gozag.
Gozag was most pleased with you.
You were not hungry.

You visited 2 branches of the dungeon, and saw 11 of its levels.
You also visited: Ossuary.

You collected 1953 gold pieces.
You spent 50 gold pieces at shops.
You paid 116 gold pieces to Gozag.

Inventory:

Hand Weapons
 s - a +0 short sword
 y - a +0 short sword of electrocution
 A - a +0 dagger of venom
Missiles
 E - a throwing net (quivered)
Armour
 a - a +0 robe
 L - a +2 robe of magic resistance (worn)
Magical Staves
 j - an uncursed staff of death (weapon)
Jewellery
 q - a +3 ring of intelligence (left hand)
 J - an amulet of inaccuracy (around neck)
 M - a ring of protection from cold (right hand)
Wands
 f - a wand of random effects (25/48)
 v - a wand of lightning (7/15)
 w - a wand of polymorph (19/24)
 G - a wand of iceblast (7/15)
 P - a wand of random effects (34/48)
Scrolls
 d - 2 scrolls of teleportation
 e - 9 scrolls of identify
 i - 2 scrolls of magic mapping
 l - 6 scrolls of remove curse
 p - 4 scrolls of immolation
 r - 4 scrolls of enchant weapon {unknown}
 t - 2 scrolls of random uselessness {unknown}
 x - a scroll of noise {unknown}
 z - 2 scrolls of fog {unknown}
 B - a scroll of amnesia {unknown}
 O - a scroll of enchant armour {unknown}
 Q - a scroll of recharging {unknown}
Potions
 h - 3 potions of agility
 k - 2 potions of degeneration
 n - 5 potions of brilliance
 u - 2 potions of magic {unknown}
 C - a potion of might
 D - a potion of cancellation {unknown}
 F - a potion of berserk rage {unknown}
 I - 3 potions of mutation
 K - a potion of flight {unknown}
 N - 2 potions of curing
Books
 b - a book of Necromancy

   Spells                             Type                      Level
   a - Pain                           Necromancy                   1
   b - Animate Skeleton               Necromancy                   1
   c - Vampiric Draining              Necromancy                   3
   d - Regeneration                   Charms/Necromancy            3
   e - Animate Dead                   Necromancy                   4
   f - Control Undead                 Necromancy                   4
 H - a book of Conjurations

   Spells                             Type                      Level
   a - Magic Dart                     Conjuration                  1
   b - Searing Ray                    Conjuration                  2
   c - Dazzling Spray                 Conjuration/Hexes            3
   d - Fulminant Prism                Conjuration/Hexes            4
   e - Force Lance                    Conjuration/Translocation    4
   f - Iskenderun's Mystic Blast      Conjuration                  4
Comestibles
 c - 5 bread rations
 g - 3 royal jellies
 m - 4 meat rations
 o - 9 fruits


   Skills:
 - Level 8.0 Fighting
 + Level 3.3 Staves
 - Level 1.7 Dodging
 - Level 1.7 Stealth
 + Level 10.6 Spellcasting
 + Level 3.2 Conjurations
 + Level 9.9 Necromancy
 + Level 3.6 Evocations


You had 15 spell levels left.
You knew the following spells:

 Your Spells              Type           Power        Failure   Level  Hunger
a - Pain                  Necr           ####         1%          1    None
b - Animate Skeleton      Necr           N/A          1%          1    None
c - Vampiric Draining     Necr           ######....   1%          3    None
d - Control Undead        Necr           ######....   1%          4    ##.....
e - Regeneration          Chrm/Necr      #####.....   2%          3    None
f - Iskenderun's Mystic   Conj           ###.....     21%         4    ##.....


Dungeon Overview and Level Annotations

Branches:
Dungeon (10/15)            Temple (1/1) D:6             Orc (0/2) D:10
   Lair: D:8-11

Altars:
Ashenzari
Cheibriados
Dithmenos
Fedhas
Gozag
Hepliaklqana
Kikubaaqudgha
Nemelex Xobeh
Trog
Xom
Zin
The Shining One

Shops:
D:10 *

Annotations:
D:7 2 runed doors, exclusion: orange crystal statue


Innate Abilities, Weirdness & Mutations

You have hooves in place of feet.
You are completely covered in large bone plates. (SH +8)
A weak demonic guardian rushes to your aid.
Your flesh is heat resistant. (rF+)
You possess an exceptional clarity of mind.
Your body sometimes deteriorates upon taking damage.


Message History

The volley of spikes hits you!
The barbed spikes become lodged in your body.
* * * LOW HITPOINT WARNING * * *
Unknown command.
It was a potion of degeneration.
There was something very wrong with that liquid.
You feel weakened.
You feel dopey.
You feel clumsy.
The centaur warrior shoots an arrow.
The arrow hits your iron imp!
The manticore flicks its tail.
The volley of spikes hits your iron imp.
Your iron imp dies!
It was a potion of might.
You feel very mighty all of a sudden.
The manticore flicks its tail.
The volley of spikes hits you!
The barbed spikes become lodged in your body.
* * * LOW HITPOINT WARNING * * *
The centaur warrior shoots an arrow.
The arrow hits you!
You die...
Your body crumbles into a pile of gold.

....................
.......................
.......................
......................5
................#....#
......#####..........
####'##...#.......## .
#.........#.......##..c.
'.........#<....@(..H...
#.........#.....#....#..
.
#.........#.....#.......
.
#.........#.....#......#
.
#.........#.....#......#
###########.....#}......
................######(.
..## ..................
.. ....
.................. #...


You could see a centaur warrior and a manticore.

Vanquished Creatures
  2 two-headed ogres
  Pikel (D:7)
  A centaur skeleton (D:10)
  A komodo dragon (D:10)
  A troll (D:9)
  A hippogriff (D:9)
  A spriggan (D:7)
  4 yaks (D:9)
  A wyvern (D:9)
  4 wargs (D:10)
  Duvessa (D:7)
  5 orc warriors
  3 sky beasts
  3 ice beasts
  2 phantoms
  A slave (D:7)
  An eye of draining (D:8)
  4 ogres
  A crocodile (D:10)
  2 centaurs
  6 bullfrogs
  Blork the orc (D:6)
  A wyvern zombie (D:6)
  Dowan (D:7)
  A water moccasin zombie (D:10)
  2 scorpions (D:8)
  2 howler monkeys (D:7)
  8 crimson imps
  A bullfrog zombie (D:7)
  5 jellies
  6 orc priests
  A gnoll shaman (D:7)
  5 hounds
  A bullfrog skeleton (D:6)
  Ijyb (D:3)
  3 iguanas
  7 orc wizards
  9 worker ants
  Natasha (thrice) (D:3)
  3 big kobold zombies (Ossuary)
  A hound zombie (D:7)
  2 hound skeletons
  A howler monkey zombie (D:3)
  A mummy (Ossuary)
  6 gnolls
  11 adders
  3 shadow imps
  2 oozes
  An adder zombie (D:6)
  2 dart slugs
  2 leopard geckos
  34 orcs
  4 spectral bats (Ossuary)
  2 giant cockroaches
  5 goblins
  4 hobgoblins
  12 jackals
  2 quokkas
  7 bats
  A bat simulacrum (Ossuary)
  4 frilled lizards
  9 gnoll zombies (Ossuary)
  2 goblin simulacra (Ossuary)
  4 goblin zombies (Ossuary)
  6 hobgoblin zombies (Ossuary)
  A jackal skeleton (D:4)
  5 kobolds
  4 kobold simulacra (Ossuary)
  4 kobold zombies (Ossuary)
  4 orc zombies (Ossuary)
  A rat (D:2)
  2 rat simulacra (Ossuary)
  5 spectral goblins (Ossuary)
  2 spectral kobolds (Ossuary)
  4 spectral rats (Ossuary)
267 creatures vanquished.

Vanquished Creatures (collateral kills)
  A centaur skeleton (D:9)
  Sigmund (D:3)
  A yak (D:9)
  A water moccasin (D:9)
  An ogre (D:8)
  A black bear (D:9)
  A howler monkey (D:4)
  3 crimson imps (D:4)
  A hound (D:10)
  An orc wizard (D:6)
  A worker ant (D:10)
  A worm (D:4)
  5 orcs
  3 goblin simulacra (Ossuary)
  2 kobold simulacra (Ossuary)
24 creatures vanquished.

Grand Total: 291 creatures vanquished

Notes
Turn   | Place    | Note
-------+----------+-------------------------------------------
     0 | D:1      | Jannitor the Demonspawn Necromancer began the quest for the Orb.
     0 | D:1      | Reached XP level 1. HP: 13/13 MP: 3/3
   312 | D:1      | Gained mutation: You have large cloven feet. [demonic ancestry]
   312 | D:1      | Reached XP level 2. HP: 18/19 MP: 1/5
  1050 | D:2      | Learned a level 1 spell: Animate Skeleton
  1087 | D:2      | You fall through a shaft!
  1191 | D:2      | Gained mutation: You have hoof-like feet. [demonic ancestry]
  1191 | D:2      | Reached XP level 3. HP: 21/24 MP: 1/7
  1221 | D:2      | Reached skill level 5 in Necromancy
  1965 | D:3      | Noticed Sigmund
  2058 | D:3      | Learned a level 3 spell: Vampiric Draining
  2139 | D:4      | Reached skill level 3 in Spellcasting
  2139 | D:4      | Gained mutation: Your flesh is heat resistant. (rF+) [demonic ancestry]
  2139 | D:4      | Reached XP level 4. HP: 25/30 MP: 2/8
  2705 | D:3      | Gained mutation: A weak demonic guardian rushes to your aid. [demonic ancestry]
  2705 | D:3      | Reached XP level 5. HP: 10/35 MP: 0/10
  2855 | D:3      | Noticed Ijyb
  2865 | D:3      | Killed Ijyb
  2901 | D:3      | Killed Sigmund
  2901 | D:3      | Reached skill level 4 in Spellcasting
  2901 | D:3      | Gained mutation: You are partially covered in large bone plates. (SH +4) [demonic ancestry]
  2901 | D:3      | Reached XP level 6. HP: 20/41 MP: 0/12
  3356 | D:3      | Noticed Natasha
  3364 | D:3      | Killed Natasha
  3474 | D:3      | Noticed Natasha
  3477 | D:3      | Killed Natasha
  3750 | D:4      | HP: 1/41 [orc/flail (7)]
  3753 | D:3      | Noticed Natasha
  3760 | D:3      | Killed Natasha
  3983 | D:4      | Reached skill level 5 in Spellcasting
  4280 | D:4      | Found a shimmering altar of Xom.
  4300 | D:4      | Gained mutation: You are mostly covered in large bone plates. (SH +6) [demonic ancestry]
  4300 | D:4      | Reached XP level 7. HP: 41/46 MP: 14/14
  4756 | D:5      | Entered Level 5 of the Dungeon
  4995 | D:5      | Reached skill level 6 in Spellcasting
  5012 | D:5      | Learned a level 4 spell: Control Undead
  5251 | D:5      | Gained mutation: You are completely covered in large bone plates. (SH +8) [demonic ancestry]
  5251 | D:5      | Reached XP level 8. HP: 48/52 MP: 11/17
  5683 | D:5      | Found a snail-covered altar of Cheibriados.
  5712 | D:5      | Found a shattered altar of Ashenzari.
  5888 | D:5      | Reached skill level 7 in Spellcasting
  5966 | D:6      | Found a staircase to the Ecumenical Temple.
  5975 | Temple   | Entered the Ecumenical Temple
  5987 | Temple   | Became a worshipper of Gozag Ym Sagoz the Greedy
  6193 | D:6      | Found a sand-covered staircase.
  6201 | Ossuary  | Entered an ossuary
  6423 | Ossuary  | Learned a level 3 spell: Regeneration
  6641 | Ossuary  | Reached skill level 1 in Fighting
  7193 | D:6      | Found a bloodstained altar of Trog.
  7209 | D:6      | Noticed Blork the orc
  7216 | D:6      | Killed Blork the orc
  7216 | D:6      | Reached XP level 9. HP: 38/62 MP: 12/20
  7334 | D:6      | Reached skill level 8 in Spellcasting
  8182 | D:7      | Found a runed door.
  8417 | D:7      | Noticed Duvessa
  8418 | D:7      | Noticed Dowan
  8426 | D:7      | Killed Duvessa
  8433 | D:7      | Killed Dowan
  8795 | D:7      | Noticed Pikel
  8810 | D:7      | Killed Pikel
  8810 | D:7      | Reached skill level 5 in Fighting
  8810 | D:7      | Reached skill level 9 in Spellcasting
  9529 | D:7      | Found a runed door.
  9536 | D:7      | Noticed an orange crystal statue
 10085 | D:8      | Gained mutation: You have hooves in place of feet. [demonic ancestry]
 10085 | D:8      | Reached XP level 10. HP: 75/77 MP: 19/23
 10560 | D:9      | Found an ancient bone altar of Kikubaaqudgha.
 10607 | D:9      | Noticed a two-headed ogre
 10615 | D:9      | Killed a two-headed ogre
 10615 | D:9      | Reached skill level 10 in Spellcasting
 10970 | D:10     | Entered Level 10 of the Dungeon
 11178 | D:10     | Learned a level 4 spell: Iskenderun's Mystic Blast
 11197 | D:10     | Reached skill level 1 in Evocations
 11240 | D:10     | Reached skill level 1 in Staves
 11240 | D:10     | Reached skill level 1 in Conjurations
 11400 | D:10     | Found a staircase to the Orcish Mines.
 11622 | D:10     | Gained mutation: Your body sometimes deteriorates upon taking damage. [potion of mutation]
 11622 | D:10     | Gained mutation: You possess an exceptional clarity of mind. [potion of mutation]
 12554 | D:9      | Found a glowing golden altar of the Shining One.
 12726 | D:9      | Found a hazy altar of Hepliaklqana.
 13323 | D:9      | Reached XP level 11. HP: 75/86 MP: 22/25
 13438 | D:10     | Noticed a two-headed ogre
 13447 | D:10     | Killed a two-headed ogre
 13597 | D:10     | Found Cokhlin's Assorted Antiques.
 13609 | D:10     | Bought a scroll labeled PACZEE QITARCH for 25 gold pieces
 13609 | D:10     | Bought a scroll labeled CINAGOTEUZ for 25 gold pieces
 13778 | D:10     | Noticed a centaur warrior
 13782 | D:10     | HP: 3/86 [manticore/volley of spikes (14)]
 13782 | D:10     | Shot with an arrow by a centaur warrior

Skill      XL: |  1  2  3  4  5  6  7  8  9 10 11 |
---------------+----------------------------------+-----
Necromancy     | 5 6 7 8 9 |  9.9
Spellcasting   | 3 4 5 6 7 9 10 | 10.6
Fighting       | 2 6 8 |  8.0
Evocations     | 3 |  3.6
Staves         | 2 3 |  3.3
Conjurations   | 2 3 |  3.2
Dodging        | |  1.7
Stealth        | |  1.7

Action                   |  1- 3 |  4- 6 |  7- 9 | 10-12 || total
-------------------------+-------+-------+-------+-------++-------
Melee: Unarmed           |     8 |       |       |       ||     8
       Kick              |     3 |    14 |    89 |    32 ||   138
       Short sword       |       |    49 |   369 |    48 ||   466
       Dagger            |       |       |    10 |       ||    10
       Staff             |       |       |       |    93 ||    93
 Cast: Pain              |    46 |    65 |   204 |   110 ||   425
       Animate Skeleton  |     5 |    18 |     8 |       ||    31
       Vampiric Draining |       |    10 |    26 |    63 ||    99
       Regeneration      |       |       |     5 |     1 ||     6
       Control Undead    |       |       |     2 |     2 ||     4
       Iskenderun's Myst |       |       |       |     2 ||     2
  Use: Potion            |       |     2 |       |     3 ||     5
       Scroll            |       |       |     1 |     7 ||     8
 Stab: Sleeping          |       |       |     4 |       ||     4
       Distracted        |       |       |     4 |     3 ||     7
  Eat: Chunk             |     4 |     7 |     6 |       ||    17
       Bread ration      |       |       |     3 |     3 ||     6
Armor: Robe              |     2 |     5 |    34 |    37 ||    78
       Skin              |       |     1 |       |       ||     1
Dodge: Dodged            |     7 |    37 |   194 |    86 ||   324
Block: Other             |       |     6 |   133 |    72 ||   211
